 Dungeon Crawl Stone Soup version 0.32-a0-18-g89e19f1974 (webtiles) character file.

Game seed: 15531038377641535310

37 Laraso the Grave Robber (level 3, -4/22 HPs)
             Began as a Vampire Necromancer on Jan 16, 2024.
             Slain by a gnoll
             ... wielding a +0 club
              (5 damage)
             ... on level 2 of the Dungeon.
             The game lasted 00:03:39 (1355 turns).

Laraso the Grave Robber (Vampire Necromancer)       Turns: 1355, Time: 00:03:40

Health: -4/22      AC:  3    Str:  8 (9)  XL:     3   Next: 23%
Magic:  5/6        EV: 12    Int: 15 (17) God:
Gold:   77         SH:  0    Dex: 11 (14) Spells: 5/6 levels left

rFire   . . .        i - +1 short sword
rCold   + + .        (no shield)
rNeg    + + +        a - +0 robe
rPois   ∞            (no helmet)
rElec   .            h - +0 cloak
rCorr   .            (no gloves)
SInv    +            (no boots)
Will    .....        (no amulet)
Stlth   ++++         (no ring)
HPRegen 0.00/turn    (no ring)
MPRegen 0.10/turn

%: no passive effects
@: bloodless, inhibited regen, invisible
A: bloodless, fangs 3, see invisible, vampiric 2, mutation resistance 1
a: Bat Form, Revivify


You were on level 2 of the Dungeon.
You visited 1 branch of the dungeon, and saw 2 of its levels.

You collected 77 gold pieces.

Inventory:

Hand Weapons
 i - a +1 short sword (weapon)
Missiles
 n - 2 throwing nets
Armour
 a - a +0 robe (worn)
 h - a +0 cloak (worn)
Scrolls
 c - a scroll of fog {unknown}
 d - a scroll of amnesia
 g - 2 scrolls of poison {unknown}
 j - a scroll of blinking {unknown}
 l - a scroll of identify {unknown}
 m - a scroll of immolation {unknown}
Potions
 b - a potion of magic


   Skills:
 * Level 2.6 Fighting
 - Level 2.2 Dodging
 - Level 3.0 Stealth
 - Level 2.0 Spellcasting
 - Level 4.4 Necromancy


You had 5 spell levels left.
You knew the following spells:

 Your Spells              Type           Power      Damage    Failure   Level
a - Necrotise             Necr           56%        1d6       3%          1

Your spell library contained the following spells:

 Spells                   Type           Power      Damage    Failure   Level
 Vampiric Draining        Necr           14%        2d7       11%         3
 Animate Dead             Necr           14%        N/A       36%         4
 Curse of Agony           Necr           14%        N/A       71%         5


Dungeon Overview and Level Annotations

Branches:
Dungeon (2/15)

Altars:


Innate Abilities, Weirdness & Mutations

You do not regenerate when monsters are visible.
You are frail without blood (-20% HP).
You can heal yourself when you bite living creatures.
You are immune to poison.
You have razor-sharp teeth.
You have supernaturally acute eyesight. (SInv)
You are afflicted with vampirism and can become a bat while bloodless.
You are somewhat resistant to further mutation.


Message History

The gnoll attacks as it pursues you! The gnoll hits you with a +0 club.
The goblin barely misses you. The dart slug launches a dart at you.
The slug dart hits you. The gnoll attacks as it pursues you!
The gnoll barely misses you. The gnoll attacks as it pursues you!
The gnoll hits you with a +0 club. The goblin attacks as it pursues you!
The goblin hits you with a +0 dagger. The gnoll attacks as it pursues you!
The gnoll hits you with a +0 club!
* * * LOW HITPOINT WARNING * * *
Okay, then.
Okay, then.
The goblin attacks as it pursues you! The goblin hits you with a +0 dagger.
* * * LOW HITPOINT WARNING * * *
The goblin attacks as it pursues you! The goblin hits you but does no damage.
The gnoll attacks as it pursues you! The gnoll closely misses you.
The goblin attacks as it pursues you! The goblin hits you with a +0 dagger.
* * * LOW HITPOINT WARNING * * *
You see here a +0 flail.
Casting: Necrotise (safe; 3% risk of failure)
Confirm with . or Enter, or press ? or * to list all spells.
Aiming: Necrotise (safe; 3% risk of failure)
Press: ? - help, Shift-Dir - straight line, f/p - gnoll
Aim: a gnoll, wielding a +0 club (chance to affect: 80%)
The goblin writhes in agony.
You kill the goblin!
The dead are walking!
The gnoll hits your goblin skeleton with a +0 club!
Your goblin skeleton is destroyed!
Okay, then.
It was a potion of degeneration.
There was something very wrong with that liquid.
You feel weakened.
You feel dopey.
You feel clumsy. The gnoll misses you.
It was a potion of mutation.
You feel extremely strange.
You feel genetically stable. The gnoll barely misses you.
It was a potion of invisibility.
You fade into invisibility!
The gnoll hits you with a +0 club.
You die...

#....#...........# #.#.#
#....#....<......## #.#.#
######............## #.#.#
#####'#.......# #.#.# #.#....)..#
#[#.# ##### #.#.......###.#.#
#...# #.#####....##.#%## #...#
#.# #..........# #...# #@#
#######.##..# #...#######g# #...#
#.....#
######...w......g####...#####...#
w....'..................##.......
######..................##.......
#..................##....#..
..........#####.......####....#.#
..........# #.......# #....#.#
⌠.........# ##'#..#.# #....#[.


You could see 2 gnolls.

Vanquished Creatures
  A gnoll (D:2)
  2 endoplasms (D:1)
  2 goblins
  3 hobgoblins
  2 jackals (D:2)
  A quokka (D:2)
  3 ball pythons
  4 bats
  A frilled lizard (D:1)
  3 kobolds
  3 rats
25 creatures vanquished.

Vanquished Creatures (collateral kills)
  A hobgoblin (D:2)
  A jackal (D:2)
2 creatures vanquished.

Grand Total: 27 creatures vanquished

Notes
Turn   | Place    | Note
-------+----------+-------------------------------------------
     0 | D:1      | Laraso the Vampire Necromancer began the quest for the Orb.
     0 | D:1      | Reached XP level 1. HP: 13/13 MP: 3/3
   141 | D:1      | Reached skill level 1 in Fighting
   266 | D:1      | Reached XP level 2. HP: 10/21 MP: 0/5
  1280 | D:2      | Gained mutation: You are afflicted with vampirism and can
                  | become a bat while bloodless. [Vampire growth]
  1280 | D:2      | Reached XP level 3. HP: 22/22 MP: 2/6
  1350 | D:2      | HP: 1/22 [goblin/+0 dagger (1)]
  1354 | D:2      | Gained mutation: You are somewhat resistant to further
                  | mutation. [potion of mutation]
  1355 | D:2      | Slain by a gnoll

Illustrated notes

Levels and vault maps discovered:
D:1:      enne_arrival_octagon_isle, layout_basic, minivault_27
D:2:      layout_basic, nicolae_ecumenical_lake_church, hangedman_feature_mirror

Skill      XL: |  1  2 |
---------------+-------+-----
Fighting       | 1 2 |  2.6
Dodging        | |  2.2
Stealth        | |  3.0
Spellcasting   | |  2.0
Necromancy     | |  4.4

Action                     || total
---------------------------++-------
  Melee: Unarmed           ||     7
         Short sword       ||    26
         Bite              ||     4
         Dagger            ||     1
   Cast: Necrotise         ||    32
Ability: Exsanguinate      ||     1
    Use: Scroll            ||     3
         Potion            ||     3
   Stab: Distracted        ||     1
         Sleeping          ||     3
 Armour: Robe              ||    35
  Dodge: Dodged            ||    41

Table legend: (Time is in decaauts)
 A = Elapsed time spent in this place.
 B = Non-inter-level travel time spent in this place.
 C = Inter-level travel time spent in this place.
 D = Time resting spent in this place.
 E = Time spent auto-exploring this place.
 F = Levels seen in this place.
 G = Mean time per level.
                   A        B        C        D        E       F      G
               +--------+--------+--------+--------+--------+-----+--------+
         Total |   1353 |   1281 |     72 |    176 |    810 |   2 |  676.5 |
       Dungeon |   1353 |   1281 |     72 |    176 |    810 |   2 |  676.5 |
               +--------+--------+--------+--------+--------+-----+--------+

Top non-repeatable levels by time:
     D:1: 772 daAuts
     D:2: 581 daAuts
